 Dungeon Crawl Stone Soup version 0.27.1-1-g398f81649c (webtiles) character file.

Game seed: 12247109687754600222

8320 Kala the Geomancer (level 11, 0/54 HPs)
             Began as a Gargoyle Earth Elementalist on Sept 6, 2021.
             Was an Elder of Vehumet.
             Slain by a white ugly thing (30 damage)
             ... on level 9 of the Dungeon.
             The game lasted 00:48:55 (12924 turns).

Kala the Geomancer (Gargoyle Earth Elementalist)   Turns: 12924, Time: 00:48:55

Health: 0/54       AC: 17    Str: 12    XL:     11   Next: 29%
Magic:  13/22      EV: 13    Int: 19    God:    Vehumet [****..]
Gold:   450        SH:  0    Dex: 10    Spells: 10/24 levels left

rFire    . . .     SeeInvis .   i - staff of earth
rCold    . . .     Faith    .   (no shield)
rNeg     + . .     Spirit   .   y - +0 leather armour
rPois    ∞         Reflect  .   (no helmet)
rElec    +         Harm     .   j - +0 cloak
rCorr    .         Rampage  .   A - +0 pair of gloves
Will     +....                  (no boots)
Stlth    ++........             (no amulet)
HPRegen  0.18/turn              I - +4 ring of protection
MPRegen  0.18/turn              D - ring of willpower

@: no status effects
A: sickness immunity, AC +8, negative energy resistance 1, electricity
resistance, torment resistance 1, petrification resistance
a: Renounce Religion


You were on level 9 of the Dungeon.
You worshipped Vehumet.
Vehumet was greatly pleased with you.
You visited 2 branches of the dungeon, and saw 10 of its levels.

You collected 450 gold pieces.

Inventory:

Missiles
 c - 204 stones
 g - 4 throwing nets
Armour
 j - a +0 cloak (worn)
 y - a +0 leather armour (worn)
 A - a +0 pair of gloves (worn)
Magical Staves
 i - a staff of earth (weapon)
Jewellery
 m - a +6 ring of dexterity
 u - a +6 ring of dexterity
 D - a ring of willpower (right hand)
 G - a ring of positive energy
 I - a +4 ring of protection (left hand)
Wands
 s - a wand of iceblast (14)
 C - a wand of polymorph (7)
 H - a wand of mindburst (16)
Scrolls
 a - a scroll of enchant weapon
 b - a scroll of brand weapon {unknown}
 d - 2 scrolls of fog
 e - 2 scrolls of enchant armour
 f - 2 scrolls of immolation
 h - 3 scrolls of amnesia
 n - a scroll of fear
 q - a scroll of teleportation {unknown}
 w - 3 scrolls of blinking
 x - a scroll of noise {unknown}
 F - a scroll of acquirement {unknown}
 J - a scroll of identify
Potions
 k - 3 potions of brilliance {unknown}
 l - a potion of attraction {unknown}
 o - 5 potions of curing {unknown}
 p - 3 potions of lignification {unknown}
 r - 2 potions of heal wounds {unknown}
 t - 2 potions of degeneration {unknown}
 v - 2 potions of berserk rage {unknown}
 z - 2 potions of might {unknown}
 B - a potion of cancellation {unknown}
 E - 2 potions of magic {unknown}
Miscellaneous
 K - a condenser vane (quivered)


   Skills:
 - Level 2.0 Armour
 + Level 5.4 Dodging
 - Level 2.1 Stealth
 - Level 4.0 Shields
 + Level 7.4 Spellcasting
 * Level 9.6 Conjurations
 - Level 0.7 Transmutations
 + Level 6.0 Fire Magic
 + Level 10.1 Earth Magic


You had 10 spell levels left.
You knew the following spells:

 Your Spells              Type           Power      Damage    Failure   Level
a - Sandblast             Erth           100%       2d20      1%          1
b - Stone Arrow           Conj/Erth      100%       3d13      1%          3
c - Magic Dart            Conj           100%       1d8       1%          1
d - Passwall              Tmut/Erth      34%        N/A       1%          2
e - Petrify               Tmut/Erth      41%        N/A       13%         4
f - Dazzling Flash        Conj/Hex       50%        N/A       1%          3

Your spell library contained the following spells:

 Spells                   Type           Power      Damage    Failure   Level
 Hailstorm                Conj/Ice       25%        3d7       4%          4
 Iskenderun's Mystic Bla  Conj/Tloc      25%        2d7       4%          4
 Summon Small Mammal      Summ           28%        N/A       12%         1
 Starburst                Conj/Fire      18%        6d7       19%         6
 Call Canine Familiar     Summ           7%         N/A       36%         3
 Summon Guardian Golem    Hex/Summ       7%         N/A       36%         3


Dungeon Overview and Level Annotations

Branches:
Dungeon (9/15)             Temple (1/1) D:4
   Lair: D:8-11         Orc: D:9-12

Altars:
Cheibriados
Elyvilon
Fedhas
Gozag
Hepliaklqana
Kikubaaqudgha
Makhleb
Nemelex Xobeh
Qazlal
Sif Muna
Trog
Uskayaw
Vehumet
Xom
Yredelemnul
Zin
The Shining One

Shops:
D:4 *


Innate Abilities, Weirdness & Mutations

You are immune to sickness and miasma.
Your stone body is resilient. (AC +8)
You are immune to poison.
You resist negative energy. (rN+)
You are resistant to electric shocks. (rElec)
You are resistant to unholy torment.
You are immune to petrification.


Message History

Casting: Stone Arrow (safe; 1% risk of failure)
Confirm with . or Enter, or press ? or * to list all spells.
Aiming: Stone Arrow (safe; 1% risk of failure)
Press: ? - help, Shift-Dir - straight line, f - white ugly thing
Aim: a white ugly thing (78% to hit)
You feel a surge of power!
The stone arrow misses the white ugly thing.
Casting: Stone Arrow (safe; 1% risk of failure)
Confirm with . or Enter, or press ? or * to list all spells.
Aiming: Stone Arrow (safe; 1% risk of failure)
Press: ? - help, Shift-Dir - straight line, f/p - white ugly thing
Aim: a white ugly thing (78% to hit)
You feel a surge of power!
The stone arrow misses the white ugly thing.
Casting: Stone Arrow (safe; 1% risk of failure)
Confirm with . or Enter, or press ? or * to list all spells.
Aiming: Stone Arrow (safe; 1% risk of failure)
Press: ? - help, Shift-Dir - straight line, f/p - white ugly thing
Aim: a white ugly thing (78% to hit)
You feel a surge of power!
The stone arrow misses the white ugly thing.
The white ugly thing engulfs you but does no damage.
Unknown command.
Casting: Stone Arrow (safe; 1% risk of failure)
Confirm with . or Enter, or press ? or * to list all spells.
Aiming: Stone Arrow (safe; 1% risk of failure)
Press: ? - help, Shift-Dir - straight line, f/p - white ugly thing
Aim: a white ugly thing (78% to hit)
You feel a surge of power!
The stone arrow hits the white ugly thing!
The white ugly thing is lightly wounded.
The white ugly thing engulfs you. The white ugly thing freezes you!!
The white ugly thing barely misses you. The white ugly thing barely misses you.
Things that are here:
18 arrows; a +0 shortbow
There is a stone staircase leading up here.
The white ugly thing engulfs you. The white ugly thing freezes you!!
Ouch! That really hurt!
You die...

.. #...##........#.....#...
..#..........#.....#.....#
.........###.#.###.#.###.#
###.........#.....#.....#
##.....................
#...#.............[...
#.#######...####.###..
#..###..###.###........##..
...........@.........#.....)
.......#...u#..####.###.....
...#..###..#...# ...###....
...... ##..#...#####..##....
..... #...#......##..#.....
....# ##..............#.....
.... #....................#
##........###....)...#
##........####.###...


You could see a white ugly thing.

Vanquished Creatures
  2 two-headed ogres
  The ghost of paps the Carver, a novice DsGl of Qazlal (D:8)
  Pikel (D:8)
  A deep elf pyromancer (D:7)
  2 trolls (D:9)
  3 slime creatures
  Sigmund (D:2)
  2 wyverns (D:9)
  3 water moccasins
  A hornet zombie (D:9)
  3 ice beasts
  3 orc warriors
  3 ogres
  A necrophage (D:7)
  4 centaurs
  3 lemures (D:8)
  2 kobold brigands (D:7)
  3 phantoms
  3 bullfrogs
  A gnoll sergeant (D:9)
  2 scorpions
  6 wights
  The ghost of TSuraisaa the Gusty, a weakling DrAE (D:3)
  4 howler monkeys (D:9)
  A bullfrog zombie (D:7)
  3 centaur zombies
  4 hounds
  3 bullfrog skeletons (D:5)
  3 orc priests
  A gnoll shaman (D:7)
  2 jellies
  3 iguanas
  Natasha (thrice) (D:2)
  10 orc wizards
  A killer bee zombie (D:9)
  A hound skeleton (D:5)
  A howler monkey zombie (D:5)
  A howler monkey skeleton (D:2)
  19 gnolls
  4 adders
  3 shadow imps
  4 ufetubi
  2 worms
  4 dart slugs
  40 orcs
  5 ball pythons
  4 endoplasms
  2 giant cockroaches
  7 goblins
  14 hobgoblins
  2 jackals (D:4)
  9 kobolds
  3 quokkas
  5 bats
  4 frilled lizards
  6 rats
230 creatures vanquished.

Vanquished Creatures (others)
  2 plants (D:7)
2 creatures vanquished.

Grand Total: 232 creatures vanquished

Notes
Turn   | Place    | Note
-------+----------+-------------------------------------------
     0 | D:1      | Kala the Gargoyle Earth Elementalist began the quest for
                  | the Orb.
     0 | D:1      | Reached XP level 1. HP: 10/10 MP: 3/3
   214 | D:1      | Reached XP level 2. HP: 15/15 MP: 0/5
   227 | D:1      | Reached skill level 4 in Earth Magic
  1019 | D:1      | Reached XP level 3. HP: 19/19 MP: 3/6
  1332 | D:2      | Noticed Natasha
  1341 | D:2      | Killed Natasha
  1510 | D:2      | Reached XP level 4. HP: 24/24 MP: 5/8
  1639 | D:2      | Noticed Sigmund
  1645 | D:2      | Noticed Natasha
  1650 | D:2      | Killed Sigmund
  1651 | D:2      | Reached skill level 6 in Earth Magic
  1651 | D:2      | Reached XP level 5. HP: 14/28 MP: 4/11
  1651 | D:2      | Reached XP level 6. HP: 17/32 MP: 4/12
  1651 | D:2      | Killed Natasha
  1931 | D:2      | Noticed Natasha
  1936 | D:2      | Killed Natasha
  2167 | D:2      | Learned a level 3 spell: Stone Arrow
  2438 | D:3      | Found a stormy altar of Qazlal.
  2579 | D:3      | Found a radiant altar of Vehumet.
  2701 | D:3      | Reached skill level 1 in Conjurations
  2834 | D:4      | Found a staircase to the Ecumenical Temple.
  2846 | Temple   | Entered the Ecumenical Temple
  3101 | D:3      | Became a worshipper of Vehumet
  3211 | D:3      | Reached XP level 7. HP: 36/36 MP: 7/14
  3390 | D:3      | Found a runed translucent gate.
  3391 | D:3      | Found a runed translucent gate.
  3391 | D:3      | Found a runed translucent gate.
  3392 | D:3      | Found an opulent altar of Gozag.
  3405 | D:3      | Noticed TSuraisaa's ghost (weakling DrAE)
  3485 | D:3      | Found a glowing golden altar of the Shining One.
  3843 | D:4      | Found Til Uwnu's General Store.
  3897 | D:4      | Reached skill level 1 in Shields
  3906 | D:4      | Reached skill level 7 in Earth Magic
  3928 | D:4      | Reached skill level 1 in Armour
  4159 | D:4      | Reached skill level 1 in Fire Magic
  4661 | D:4      | Found a shimmering blue altar of Sif Muna.
  4854 | D:4      | Reached * piety under Vehumet
  4854 | D:4      | Offered knowledge of Freeze by Vehumet.
  5410 | D:5      | Entered Level 5 of the Dungeon
  5473 | D:5      | Reached XP level 8. HP: 41/41 MP: 5/15
  5621 | D:5      | Reached skill level 5 in Spellcasting
  6720 | D:5      | Found a burning altar of Makhleb.
  7351 | D:6      | Offered knowledge of Magic Dart by Vehumet.
  7354 | D:6      | Reached ** piety under Vehumet
  7611 | D:6      | Learned a level 1 spell: Magic Dart
  7614 | D:6      | Learned a level 2 spell: Passwall
  7619 | D:6      | Learned a level 4 spell: Petrify
  7697 | D:6      | Reached XP level 9. HP: 45/45 MP: 6/17
  8021 | D:6      | Reached skill level 5 in Conjurations
  8201 | D:7      | Reached skill level 8 in Earth Magic
  8354 | D:7      | Noticed a two-headed ogre
  8359 | D:7      | Killed a two-headed ogre
  8560 | D:7      | Offered knowledge of Mephitic Cloud by Vehumet.
  8838 | D:7      | Reached XP level 10. HP: 49/50 MP: 15/19
  9404 | D:7      | Reached skill level 9 in Earth Magic
  9463 | D:7      | Noticed a deep elf pyromancer
  9468 | D:7      | Killed a deep elf pyromancer
  9599 | D:7      | Found a sparkling altar of Nemelex Xobeh.
  9762 | D:8      | Reached *** piety under Vehumet
 10271 | D:8      | Found a runed translucent door.
 10275 | D:8      | Noticed paps's ghost (novice DsGl)
 10526 | D:8      | Noticed Pikel
 10533 | D:8      | Killed Pikel
 10534 | D:8      | Reached skill level 5 in Fire Magic
 11432 | D:3      | Killed TSuraisaa's ghost
 11432 | D:3      | Offered knowledge of Hailstorm by Vehumet.
 11798 | D:8      | Killed paps's ghost
 11799 | D:8      | Reached skill level 5 in Dodging
 11994 | D:9      | Noticed a two-headed ogre
 11998 | D:9      | Killed a two-headed ogre
 11999 | D:9      | Reached XP level 11. HP: 54/54 MP: 8/21
 12008 | D:9      | Noticed a white ugly thing
 12382 | D:9      | Learned a level 3 spell: Dazzling Flash
 12464 | D:9      | Reached skill level 10 in Earth Magic
 12737 | D:9      | Reached **** piety under Vehumet
 12924 | D:9      | Slain by a white ugly thing

Illustrated notes

Levels and vault maps discovered:
D:1:      lemuel_arrival_room, layout_basic, serial_bayou_ford_a
D:2:      layout_loops_ring, uniq_sigmund, uniq_natasha
D:3:      layout_rooms, marbit_many_paths, nicolae_qazlal_scattered_showers,
          nicolae_overflow_hidden_temple, ebering_ghost_gozag, minivault_25,
          hangedman_decor_push
D:4:      minmay_recursive_quarters, layout_basic, lemuel_blue_sif_altar,
          temple_pool_b, serial_shops, shop
D:5:      layout_loops_ring, kennysheep_mini_moat
D:6:      layout_loops_cross
D:7:      layout_gridville, lemuel_crystal_altar, minmay_shattered_shrine
D:8:      layout_loops_corners, ebering_ghost_reflecting_pool,
          hangedman_decor_points, uniq_pikel
D:9:      hangedman_cross_stitches, layout_cave_pools,
          mainiacjoe_overflow_cross_hatched
Temple:   jpeg_temple_clearing

Skill      XL: |  1  2  3  4  5  6  7  8  9 10 11 |
---------------+----------------------------------+-----
Earth Magic    | 4 6 7 8 9 10 | 10.1
Spellcasting   | 3 4 5 6 7 |  7.4
Conjurations   | 1 2 4 7 9 |  9.6
Shields        | 2 4 |  4.0
Armour         | 1 2 |  2.0
Fire Magic     | 1 2 4 5 6 |  6.0
Dodging        | 2 3 4 5 |  5.4
Stealth        | |  2.1
Transmutations | |  0.7

Action                   |  1- 3 |  4- 6 |  7- 9 | 10-12 || total
-------------------------+-------+-------+-------+-------++-------
Melee: Staff             |       |       |     1 |     1 ||     2
 Cast: Sandblast         |    45 |    39 |    32 |    11 ||   127
       Stone Arrow       |       |    15 |   129 |   128 ||   272
       Magic Dart        |       |       |       |     8 ||     8
  Use: Scroll            |       |       |     6 |     1 ||     7
Armor: Robe              |     1 |    13 |     7 |       ||    21
       Leather armour    |       |       |    14 |    24 ||    38
Dodge: Dodged            |     5 |    18 |    22 |    40 ||    85
